 Dungeon Crawl Stone Soup version 0.29-a0-643-ga013cefcf8 (webtiles) character file.

Game seed: 3243085053437007230

2930 happo123 the Zephyrmancer (level 9, -25/52 HPs)
             Began as a Tengu Air Elementalist on June 20, 2022.
             Was an Initiate of Vehumet.
             Annihilated by a boulder beetle (35 damage)
             ... on level 7 of the Dungeon.
             The game lasted 01:00:57 (7038 turns).

happo123 the Zephyrmancer (Tengu Air Elementalist)  Turns: 7038, Time: 01:00:58

Health: -25/52     AC:  4    Str:  8    XL:     9   Next: 79%
Magic:  8/16       EV: 17    Int: 20    God:    Vehumet [......]
Gold:   327        SH:  0    Dex: 21    Spells: 6/16 levels left

rFire   . . .      SeeInvis +   K - +0 shortbow
rCold   . . .      Faith    .   (shield currently unavailable)
rNeg    . . .      Spirit   .   I - +0 leather armour
rPois   .          Reflect  .   (helmet restricted)
rElec   .          Harm     .   (no cloak)
rCorr   .          Rampage  .   l - +0 pair of gloves
Will    .....                   (boots unavailable)
Stlth   +++.......              (no amulet)
HPRegen 0.17/turn               D - +6 ring of dexterity
MPRegen 0.15/turn               J - ring of see invisible

@: flying quickly and evasively, quick
A: beak, talons 3, nimble flight
a: Renounce Religion


You were on level 7 of the Dungeon.
You worshipped Vehumet.
Vehumet was noncommittal.
You visited 2 branches of the dungeon, and saw 8 of its levels.

You collected 327 gold pieces.

Inventory:

Hand Weapons
 d - a +0 dagger
 n - a +2 dagger of venom
 A - a +0 dire flail of protection
 K - a +0 shortbow (weapon)
Armour
 a - a +0 robe
 l - a +0 pair of gloves (worn)
 I - a +0 leather armour (worn)
Magical Staves
 G - a staff of air
Jewellery
 D - a +6 ring of dexterity (left hand)
 J - a ring of see invisible (right hand)
Wands
 p - a wand of charming (2)
 y - a wand of flame (10)
 H - a wand of polymorph (5)
Scrolls
 c - 3 scrolls of fear
 e - a scroll of silence {unknown}
 f - 2 scrolls of poison
 g - a scroll of immolation {unknown}
 m - a scroll of fog {unknown}
 q - a scroll of brand weapon {unknown}
 t - 3 scrolls of enchant armour
 u - 2 scrolls of torment {unknown}
 v - 3 scrolls of teleportation
 w - a scroll of magic mapping {unknown}
 B - a scroll of noise {unknown}
 C - a scroll of enchant weapon {unknown}
Potions
 b - 2 potions of magic
 h - 2 potions of cancellation {unknown}
 i - 2 potions of degeneration {unknown}
 j - a potion of brilliance
 k - a potion of resistance {unknown}
 o - 5 potions of curing
 r - 2 potions of lignification {unknown}
 s - 2 potions of might
 x - a potion of ambrosia {unknown}
 z - a potion of heal wounds {unknown}
 E - a potion of mutation {unknown}
 F - a potion of haste {unknown}


   Skills:
 + Level 3.9 Fighting
 - Level 3.0 Short Blades
 + Level 2.8 Maces & Flails
 + Level 5.3 Dodging
 + Level 5.0 Stealth
 + Level 4.2 Spellcasting
 * Level 8.0 Conjurations
 + Level 2.3 Ice Magic
 * Level 9.0 Air Magic


You had 6 spell levels left.
You knew the following spells:

 Your Spells              Type           Power      Damage    Failure   Level
a - Shock                 Conj/Air       100%       1d9       1%          1
b - Static Discharge      Conj/Air       38%        N/A       1%          2
c - Swiftness             Air            40%        N/A       1%          3
d - Airstrike             Air            20%        N/A       4%          4

Your spell library contained the following spells:

 Spells                   Type           Power      Damage    Failure   Level
 Freeze                   Ice            52%        1d7       7%          1
 Frozen Ramparts          Ice            26%        1d4       22%         3
 Hailstorm                Conj/Ice       24%        3d7       22%         4
 Sublimation of Blood     Necr           4%         N/A       28%         2
 Wereblood                Tmut           4%         N/A       28%         2
 Animate Armour           Summ/Erth      8%         N/A       88%         4
 Blade Hands              Tmut           2%         N/A       99%         5
 Iron Shot                Conj/Erth      10%        9d3       99%         6
 Summon Hydra             Summ           2%         N/A       100%        7


Dungeon Overview and Level Annotations

Branches:
Dungeon (7/15)             Temple (1/1) D:5

Altars:
Ashenzari
Cheibriados
Dithmenos
Elyvilon
Fedhas
Gozag
Hepliaklqana
Makhleb
Nemelex Xobeh
Okawaru
Qazlal
Ru
Sif Muna
Trog
Uskayaw
Vehumet
Wu Jian
Xom
Yredelemnul
Zin
The Shining One


Innate Abilities, Weirdness & Mutations

You have a beak for a mouth.
You have claws for feet.
Your magical nature lets you fly swiftly and evasively.


Message History

The zap hits the boulder beetle but does no damage.
The boulder beetle is heavily wounded.
Aiming: Shock (safe; 1% risk of failure)
Press: ? - help, Q - select action, (/) - cycle Shift-Dir - straight line, f/p - boulder beetle
Aim: a boulder beetle (heavily wounded, 100% to hit)
The zap hits the boulder beetle but does no damage.
The boulder beetle is heavily wounded.
You see here an iguana skeleton.
A boulder beetle is nearby!
The boulder beetle leaps!
Your +0 dire flail of protection goes still.
K - a +0 shortbow (weapon)
Shoot: K) +0 shortbow
Press: ? - help, Q - select action, (/) - cycle Shift-Dir - straight line, f/p - boulder beetle
Aim: a boulder beetle (heavily wounded, 90% to hit)
You shoot an arrow.
The arrow hits the boulder beetle but does no damage.
The boulder beetle is heavily wounded.
The boulder beetle leaps!
Shoot: K) +0 shortbow
Press: ? - help, Q - select action, (/) - cycle Shift-Dir - straight line, f/p - boulder beetle
Aim: a boulder beetle (heavily wounded, 90% to hit)
You shoot an arrow.
The arrow hits the boulder beetle but does no damage.
The boulder beetle is heavily wounded.
A gnoll comes into view. It is wielding a +0 whip.
The gnoll shouts!
The boulder beetle curls into a ball and begins rolling!
The boulder beetle barely misses you.
The boulder beetle stops rolling and uncurls.
The boulder beetle curls into a ball and begins rolling!
The boulder beetle attacks as you move away!
The boulder beetle hits you!
* * * LOW HITPOINT WARNING * * *
The boulder beetle stops rolling and uncurls.
The boulder beetle curls into a ball and begins rolling!
The boulder beetle attacks as you move away!
The boulder beetle hits you!!
Ouch! That really hurt!
You die...

####### ###.....### #.........#
#.........# #.........#
#.........# #.........##
#........<.## ##.......#.@##
#.........#.B## #######
######..<......##.°### #......
...............###.°°#### #......
#(.............#####.°..###......
.................................
#..............#########..#####g.
#..............# ##.## #○#
..........###### #..# #°#


You could see a boulder beetle (rolling).

Vanquished Creatures
  Pikel (D:5)
  Sigmund (D:2)
  A wyvern (D:7)
  Edmund (D:4)
  Menkaure (D:5)
  2 water moccasins (D:6)
  A sky beast (D:6)
  An orc warrior (D:5)
  A black bear (D:6)
  A centaur (D:7)
  A kobold brigand (D:6)
  Blork the orc (D:6)
  3 scorpions
  2 necrophages
  A bullfrog (D:7)
  A gnoll sergeant (D:5)
  3 hounds
  3 orc priests
  A gnoll shaman (D:4)
  2 jellies
  An iron imp (D:3)
  Jessica (D:2)
  Ijyb (D:3)
  4 iguanas
  Natasha (thrice) (D:3)
  An orc wizard (D:5)
  9 gnolls
  7 adders
  2 white imps
  A worm (D:2)
  A dart slug (D:1)
  20 orcs
  3 endoplasms
  6 giant cockroaches
  3 goblins
  5 hobgoblins
  2 jackals (D:1)
  6 quokkas
  10 ball pythons
  4 bats
  2 frilled lizards (D:1)
  10 kobolds
  8 rats
139 creatures vanquished.

Notes
Turn   | Place    | Note
-------+----------+-------------------------------------------
     0 | D:1      | happo123 the Tengu Air Elementalist began the quest for the
                  | Orb.
     0 | D:1      | Reached XP level 1. HP: 10/10 MP: 4/4
   127 | D:1      | Reached XP level 2. HP: 15/15 MP: 4/6
   130 | D:1      | Learned a level 2 spell: Static Discharge
   261 | D:1      | Reached XP level 3. HP: 8/20 MP: 3/7
   379 | D:1      | Learned a level 3 spell: Swiftness
   718 | D:2      | Noticed Sigmund
   738 | D:2      | Killed Sigmund
   739 | D:2      | Reached skill level 1 in Fighting
   739 | D:2      | Reached skill level 1 in Short Blades
   739 | D:2      | Reached skill level 5 in Air Magic
   739 | D:2      | Reached XP level 4. HP: 9/25 MP: 1/8
   739 | D:2      | Gained mutation: Your magical nature lets you fly swiftly
                  | and evasively. [Tengu growth]
   739 | D:2      | Reached XP level 5. HP: 10/29 MP: 1/9
   914 | D:2      | Found a faded altar of an unknown god.
  1095 | D:2      | Noticed Jessica
  1100 | D:2      | Killed Jessica
  1101 | D:2      | Reached XP level 6. HP: 32/34 MP: 6/10
  1586 | D:3      | Found a snail-covered altar of Cheibriados.
  1621 | D:3      | Noticed Ijyb
  1635 | D:3      | Killed Ijyb
  1849 | D:3      | Learned a level 4 spell: Airstrike
  1854 | D:3      | Noticed Natasha
  1861 | D:3      | Killed Natasha
  2054 | D:3      | Noticed Natasha
  2080 | D:3      | Killed Natasha
  2131 | D:3      | Found a large runed translucent door.
  2154 | D:3      | Found a large runed translucent door.
  2163 | D:3      | Found an opulent altar of Gozag.
  2173 | D:3      | Found a stormy altar of Qazlal.
  2204 | D:3      | Found a glowing golden altar of the Shining One.
  2254 | D:3      | Noticed Natasha
  2258 | D:3      | Killed Natasha
  2572 | D:4      | Reached XP level 7. HP: 21/39 MP: 7/12
  2611 | D:4      | Reached skill level 6 in Air Magic
  2968 | D:4      | Noticed Edmund
  2978 | D:4      | Killed Edmund
  2979 | D:4      | Reached skill level 5 in Conjurations
  3183 | D:4      | Reached XP level 8. HP: 45/45 MP: 7/13
  3337 | D:5      | Entered Level 5 of the Dungeon
  3381 | D:5      | Found a hide-covered altar of Uskayaw.
  3437 | D:5      | Noticed Menkaure
  3669 | D:5      | Reached skill level 7 in Air Magic
  4171 | D:5      | Killed Menkaure
  4392 | D:5      | Noticed Pikel
  4410 | D:5      | Killed Pikel
  4411 | D:5      | Reached skill level 1 in Maces & Flails
  4411 | D:5      | Reached skill level 1 in Ice Magic
  4411 | D:5      | Reached XP level 9. HP: 13/51 MP: 5/15
  4806 | D:5      | Found a staircase to the Ecumenical Temple.
  4821 | D:5      | Reached skill level 8 in Air Magic
  4877 | Temple   | Entered the Ecumenical Temple
  5033 | Temple   | Became a worshipper of Vehumet
  5660 | D:6      | Noticed Blork the orc
  5695 | D:6      | Reached skill level 5 in Dodging
  5753 | D:6      | Killed Blork the orc
  5915 | D:6      | Found a hazy altar of Hepliaklqana.
  6292 | D:7      | Noticed a boulder beetle
  6634 | D:7      | Reached skill level 5 in Stealth
  6639 | D:7      | Reached skill level 9 in Air Magic
  6859 | D:7      | Found an iron altar of Okawaru.
  6859 | D:7      | Found a blossoming altar of Fedhas.
  7038 | D:7      | Annihilated by a boulder beetle

Illustrated notes

Levels and vault maps discovered:
D:1:      wander_arrival_abandoned_jail, layout_basic
D:2:      layout_loops_cross, ebering_ecumenical_altar_box, uniq_jessica,
          uniq_sigmund
D:3:      layout_basic, mainiacjoe_overflow_brackets, jmf_multi_god_temple2,
          slow_altar_1, uniq_ijyb, uniq_natasha
D:4:      layout_cave_pools, uniq_edmund
D:5:      layout_basic, eat_drink_and_be_merry_uskayaw,
          minmay_temple_entry_crystal_x, uniq_pikel, uniq_menkaure
D:6:      layout_rooms, mainiacjoe_overflow_surrounded_room,
          columned_hall_lemuel, uniq_blork_the_orc
D:7:      layout_rooms, gammafunk_temple_overflow_elements
Temple:   oiseaux_autumnal_temple

Skill      XL: |  1  2  3  4  5  6  7  8  9 |
---------------+----------------------------+-----
Conjurations   | 2 3 4 5 6 8 |  8.0
Fighting       | 1 2 3 |  3.9
Short Blades   | 1 2 3 |  3.0
Dodging        | 3 4 5 |  5.3
Air Magic      | 5 6 7 9 |  9.0
Stealth        | 3 4 5 |  5.0
Spellcasting   | 3 4 |  4.2
Maces & Flails | 1 2 |  2.8
Ice Magic      | 1 2 |  2.3

Action                   |  1- 3 |  4- 6 |  7- 9 || total
-------------------------+-------+-------+-------++-------
Melee: Dagger            |    21 |    26 |    13 ||    60
       Kick              |     3 |     8 |    16 ||    27
       Peck              |     1 |     3 |    12 ||    16
       Dire flail        |       |       |    45 ||    45
 Fire: Shortbow          |       |       |     2 ||     2
 Cast: Shock             |    32 |    34 |    77 ||   143
       Static Discharge  |       |    12 |    33 ||    45
       Airstrike         |       |     1 |    21 ||    22
       Swiftness         |       |       |     1 ||     1
Evoke: Wand              |       |       |     3 ||     3
  Use: Scroll            |       |       |     6 ||     6
 Stab: Sleeping          |     8 |     4 |     5 ||    17
Armor: Robe              |     8 |     5 |    11 ||    24
       Leather armour    |       |       |     2 ||     2
Dodge: Dodged            |    29 |    29 |    80 ||   138

Table legend: (Time is in decaauts)
 A = Elapsed time spent in this place.
 B = Non-inter-level travel time spent in this place.
 C = Inter-level travel time spent in this place.
 D = Time resting spent in this place.
 E = Time spent auto-exploring this place.
 F = Levels seen in this place.
 G = Mean time per level.
                   A        B        C        D        E       F      G
               +--------+--------+--------+--------+--------+-----+--------+
         Total |   6629 |   4376 |   2253 |   1528 |   1260 |   8 |  828.6 |
       Dungeon |   6333 |   4115 |   2218 |   1528 |   1012 |   7 |  904.7 |
        Temple |    295 |    260 |     35 |      0 |    248 |   1 |  295.0 |
               +--------+--------+--------+--------+--------+-----+--------+

Top non-repeatable levels by time:
     D:5: 1396 daAuts
     D:3: 1151 daAuts
     D:4: 1047 daAuts
     D:6: 795 daAuts
     D:1: 703 daAuts
     D:2: 688 daAuts
     D:7: 550 daAuts
  Temple: 295 daAuts
